 Dungeon Crawl Stone Soup version 0.29-a0-284-gf9362112df (webtiles) character file.

Game seed: 5943834932697590134

18160 Inarius the Ripper (level 12, -16/66 HPs)
             Began as a Felid Chaos Knight on Mar 14, 2022.
             Was a Plaything of Xom.
             Killed from afar by an oklob plant (24 damage)
             ... with a splash of acid
             ... on level 2 of the Orcish Mines on Mar 15, 2022.
             The game lasted 00:55:50 (24487 turns).

Inarius the Ripper (Felid Chaos Knight)            Turns: 24487, Time: 00:55:52

Health: -16/66     AC: -1    Str: 11 (12) XL:     12   Next: 25%
Magic:  17/18      EV: 27    Int: 13 (14) God:    Xom [.*....]
Gold:   3796       SH:  5    Dex: 19 (20) Spells: 15/18 levels left
                                        Lives:  0   Deaths: 4

rFire   . . .      SeeInvis +     - Unarmed
rCold   + + .      Faith    .   (shield unavailable)
rNeg    . . .      Spirit   .   (body armour unavailable)
rPois   .          Reflect  +   (helmet unavailable)
rElec   .          Harm     .   (cloak unavailable)
rCorr   .          Rampage  .   (gloves unavailable)
Will    ++++.                   (boots unavailable)
Stlth   +++++++...              z - amulet of reflection
HPRegen 1.01/turn               g - +4 ring of protection
MPRegen 0.16/turn               t - ring of protection from cold

@: wereblooded, corroded, studying 2 skills, quick
A: very small, claws 1, fangs 3, see invisible, speed 1, shaggy fur 3, stealthy
paws, no weapons or thrown items, no armour, multi-lived, antennae 1,
deterioration 1, strong-willed 3, regeneration 1, robust 3, screaming 1, strong
2, wild magic 1, evolution 1
a: Renounce Religion


You were on level 2 of the Orcish Mines.
You worshipped Xom.
You were a plaything of Xom.
You visited 3 branches of the dungeon, and saw 23 of its levels.
You also visited: Bailey and Ice Cave.

You collected 3796 gold pieces.

Inventory:

Jewellery
 g - a +4 ring of protection (left paw)
 h - a +6 ring of strength
 t - a ring of protection from cold (right paw)
 z - an amulet of reflection (around neck)
 B - the amulet "Gulyugur" {RegenMP Str-2 Int+2 SInv}
   (You found it in an ice cave)

   [amulet of magic regeneration]

   It increases your rate of magic regeneration.
   Str:       It affects your strength (-2).
   Int:       It affects your intelligence (+2).
   SInv:      It lets you see invisible.
 F - a +4 ring of slaying
 G - a ring of wizardry
 H - a ring of wizardry
 I - a ring of ice
 K - a ring of protection from fire
 O - a +6 ring of dexterity
Wands
 c - a wand of digging (3)
 A - a wand of iceblast (5)
 C - a wand of flame (20)
 D - a wand of polymorph (11)
 E - a wand of paralysis (1)
 M - a wand of acid (1)
Scrolls
 e - 3 scrolls of teleportation
 n - 3 scrolls of noise
 o - 3 scrolls of amnesia
 u - 3 scrolls of blinking
 x - 2 scrolls of enchant weapon
 y - a scroll of summoning
 J - 2 scrolls of immolation
 L - 2 scrolls of fog
 P - a scroll of holy word {unknown}
Potions
 b - 4 potions of attraction
 d - 5 potions of heal wounds
 f - 6 potions of haste
 i - 2 potions of magic
 j - 6 potions of curing
 k - 2 potions of berserk rage
 l - 4 potions of mutation
 m - 4 potions of lignification
 p - 3 potions of resistance {unknown}
 q - 2 potions of invisibility
 r - 2 potions of might
 s - 3 potions of ambrosia
 v - 2 potions of brilliance
 w - 5 potions of flight
Miscellaneous
 a - a piece from Xom's chessboard (4/15) (quivered)
 N - a condenser vane


   Skills:
 + Level 5.1 Fighting
 + Level 12.6 Dodging
 * Level 17.4 Stealth
 + Level 17.6 Unarmed Combat
 + Level 3.5 Spellcasting
 + Level 4.0 Translocations
 + Level 5.1 Transmutations
 * Level 9.6 Evocations


You had 15 spell levels left.
You knew the following spells:

 Your Spells              Type           Power      Damage    Failure   Level
a - Apportation           Tloc           32%        N/A       7%          1
b - Wereblood             Tmut           20%        N/A       7%          2

Your spell library contained the following spells:

 Spells                   Type           Power      Damage    Failure   Level
 Animate Skeleton         Necr           4%         N/A       30%         1
 Foxfire                  Conj/Fire      8%         2x1d4     30%         1
 Slow                     Hex            8%         N/A       30%         1
 Summon Small Mammal      Summ           8%         N/A       30%         1
 Sublimation of Blood     Necr           2%         N/A       41%         2
 Call Canine Familiar     Summ           2%         N/A       63%         3
 Confusing Touch          Hex            2%         N/A       63%         3
 Conjure Flame            Conj/Fire      2%         6-21      63%         3
 Inner Flame              Hex/Fire       2%         N/A       63%         3
 Stone Arrow              Conj/Erth      4%         3d7       63%         3
 Vampiric Draining        Necr           2%         2d6       63%         3
 Ice Form                 Ice/Tmut       11%        N/A       67%         4
 Flame Wave               Conj/Fire      2%         2d4       95%         4
 Hailstorm                Conj/Ice       2%         3d3       95%         4
 Leda's Liquefaction      Hex/Erth       1%         N/A       95%         4
 Dispersal                Tloc           8%         N/A       100%        6
 Simulacrum               Ice/Necr       1%         N/A       100%        6
 Summon Hydra             Summ           1%         N/A       100%        7
 Disjunction              Tloc           8%         N/A       100%        8
 Lehudib's Crystal Spear  Conj/Erth      1%         10d2      100%        8
 Portal Projectile        Hex/Tloc       Unusable   N/A       N/A         3
 Animate Armour           Summ/Erth      Unusable   N/A       N/A         4

Dungeon Overview and Level Annotations

Branches:
Dungeon (15/15)            Temple (0/1) D:5            Lair (6/6) D:10
  Swamp (0/4) Lair:4        Snake (0/4) Lair:3        Slime (0/5) Lair:5
    Orc (2/2) D:12         Vaults (0/5) D:13         Depths (0/4) D:15
 Bailey (visited)           IceCv (visited)
    Elf: Orc:2

Altars:
Gozag
Nemelex Xobeh
Okawaru
Ru
Xom
Yredelemnul
Zin

Shops:
D:6 *   D:10 *

Annotations:
D:5 2 transporters, epen's ghost, novice GnHu
D:12 Nessos
D:13 3 runed translucent doors, anonymous's ghost, journeyman NaGl
Lair:1 Roaleyf's ghost, journeyman DsDe
Lair:3 2 transporters, manifold's ghost, journeyman GrEE
Orc:2 exclusion: oklob plant


Innate Abilities, Weirdness & Mutations

You have sharp claws.
You have razor-sharp teeth.
You have supernaturally acute eyesight. (SInv)
You cover ground quickly. (Speed+)
Your thick and shaggy fur keeps you warm. (AC +3, rC+)
Your paws help you pounce on unaware monsters.
You are incapable of wielding weapons or throwing items.
You cannot wear armour.
You gain extra lives every three experience levels.
You have a pair of small antennae on your head.
Your body sometimes deteriorates upon taking damage.
You are extremely strong-willed. (Will+++)
Your natural rate of healing is unusually fast.
You are extremely robust. (+30% HP)
You occasionally shout uncontrollably at your foes.
Your muscles are very strong. (Str +4)
Your spells are a little harder to cast, but a little more powerful.
You have hidden genetic potential.


Message History

Casting: Wereblood (safe; 6% risk of failure)
Confirm with . or Enter, or press ? or * to list all spells.
Your blood is infused with primal strength.
An oklob plant is nearby!
Unknown command.
You scratch the oklob plant.
The oklob plant is lightly damaged.
The oklob plant spits acid at you. The splash of acid hits you!!
Your body deteriorates!
You feel dopey. The acid corrodes you!
You claw the oklob plant! x2
The oklob plant is moderately damaged.
The oklob plant spits acid at you. The splash of acid hits you!
You scratch the oklob plant but do no damage.
The oklob plant is moderately damaged.
You claw the oklob plant!
The oklob plant is heavily damaged.
You scratch the oklob plant.
The oklob plant is heavily damaged.
The oklob plant spits acid at you. The splash of acid hits you!!
* * * LOW HITPOINT WARNING * * *
The acid corrodes you!
You scratch the oklob plant but do no damage.
You claw the oklob plant, but do no damage.
The oklob plant is heavily damaged.
You scratch the oklob plant but do no damage.
The oklob plant is heavily damaged.
You claw the oklob plant!
You bite the oklob plant, but do no damage.
The oklob plant is severely damaged.
You claw the oklob plant!
You claw the oklob plant, but do no damage.
The oklob plant is almost destroyed.
The oklob plant spits acid at you. The splash of acid hits you!!
You die...
Xom roars with laughter!

### #.## ###.###
####...#.# ##
##........## #.
##..........###.
#.............#.##
###..........##P@##
....[)........##..##
#....).........##..#
.....[.##......###.# .#
......###.......##'##..#
.....## ##.......#....#
.....####...........###
.....#.##............#
...)[).#..............#


You could see an oklob plant.

Vanquished Creatures
  Donald (Orc:1)
  An emperor scorpion (Orc:2)
  A reaper (IceCv)
  A dire elephant (Lair:6)
  3 hydras
  Erica (D:11)
  5 two-headed ogres
  2 centaur warriors
  A catoblepas (Lair:5)
  A death yak (Lair:5)
  A shock serpent (Lair:6)
  3 skeletal warriors (D:15)
  A sea snake (Lair:6)
  A harpy (Lair:2)
  A deep elf zephyrmancer (D:13)
  An orc knight (Orc:2)
  2 ugly things (D:12)
  4 elephants
  2 cyclopes
  3 black mambas
  A torpor snail (Lair:5)
  7 cane toads
  A gargoyle (D:10)
  An ice statue (IceCv)
  3 ice devils
  5 komodo dragons
  A freezing wraith (IceCv)
  8 rime drakes
  2 unseen horrors
  2 kobold demonologists
  An entropy weaver simulacrum (IceCv)
  2 tengu conjurers (D:14)
  A hornet (D:9)
  9 trolls
  3 polar bears
  A blink frog (Lair:6)
  4 slime creatures (D:13)
  3 shadows
  A jumping spider (shapeshifter) (D:13)
  4 wyverns
  A dire elephant simulacrum (IceCv)
  A vampire (D:12)
  4 basilisks
  22 yaks
  A wraith (D:11)
  11 vampire mosquitoes
  Grum (D:11)
  3 death yak simulacra (IceCv)
  2 acid dragons
  24 water moccasins
  2 ice beasts (D:7)
  16 orc warriors
  5 sky beasts
  3 black bears
  2 ogres (Orc:1)
  6 wolves
  7 centaurs
  A phantom (D:6)
  A kobold brigand (D:8)
  3 necrophages
  A gnoll sergeant (D:11)
  8 bullfrogs
  A cane toad simulacrum (IceCv)
  6 scorpions
  4 two-headed ogre simulacra (IceCv)
  11 wights
  2 elephant simulacra (IceCv)
  5 killer bees
  4 howler monkeys
  An electric eel (Lair:4)
  2 centaur zombies (D:10)
  16 orc priests
  3 hounds
  A gnoll shaman (D:2)
  A human zombie (D:10)
  4 jellies
  6 iguanas
  10 orc wizards
  2 hell rats (Lair:6)
  10 troll simulacra (IceCv)
  10 spriggan simulacra (IceCv)
  A polar bear simulacrum (IceCv)
  A wolf simulacrum (IceCv)
  A mummy (D:10)
  13 adders
  8 gnolls
  7 naga simulacra (IceCv)
  A river rat (D:9)
  7 white imps
  4 ufetubi (IceCv)
  3 dart slugs
  58 orcs
  5 endoplasms
  2 giant cockroaches (D:3)
  10 goblins
  7 hobgoblins
  4 quokkas
  11 ball pythons
  3 bats (D:2)
  2 frilled lizards (D:3)
  23 kobolds
491 creatures vanquished.

Vanquished Creatures (collateral kills)
  A hydra (Lair:6)
  A merfolk avatar (Lair:6)
  A deep elf pyromancer (D:12)
  Maurice (D:9)
  A centaur zombie (D:10)
  4 elephants (Lair:6)
  A rime drake (Lair:6)
  A komodo dragon (Lair:4)
  3 polar bears (Lair:6)
  A hornet (Lair:6)
  3 blink frogs (Lair:6)
  3 yaks
  A wyvern (Lair:6)
  A hog (Lair:6)
  A steam dragon (Lair:6)
  2 water moccasins
  4 wolves (Lair:6)
  2 necrophages (D:10)
  A bullfrog (Lair:2)
  3 killer bees (D:11)
  An orc priest (D:3)
  3 hell rats (Lair:6)
  A mummy (D:10)
  4 orcs
  2 goblins (D:9)
47 creatures vanquished.

Vanquished Creatures (others)
  A shadow (D:12)
  A yak (Lair:5)
  A gnoll (D:2)
  An orc (D:6)
  18 fungi
  63 plants
85 creatures vanquished.

Grand Total: 623 creatures vanquished

Notes
Turn   | Place    | Note
-------+----------+-------------------------------------------
     0 | D:1      | Inarius the Felid Chaos Knight began the quest for the Orb.
     0 | D:1      | Reached XP level 1. HP: 10/10 MP: 2/2
    64 | D:1      | XOM: silly message
    96 | D:1      | XOM: divination: detect items
   314 | D:1      | XOM: silly message
   408 | D:1      | XOM: silly message
   410 | D:1      | XOM: divination: detect creatures
   524 | D:1      | XOM: silly message
   529 | D:1      | Reached XP level 2. HP: 12/14 MP: 3/3
   554 | D:1      | XOM: 1-stop teleportation journey
   667 | D:1      | Found a faded altar of an unknown god.
   678 | D:1      | Reached skill level 1 in Stealth
   736 | D:1      | XOM: give mutation
   736 | D:1      | Gained mutation: You sometimes lose the ability to read
                  | scrolls when taking damage. [Xom's mischief]
   895 | D:1      | XOM: give mutations
   895 | D:1      | Gained mutation: You occasionally shout uncontrollably at
                  | your foes. [Xom's mischief]
   895 | D:1      | Gained mutation: You possess an exceptional clarity of
                  | mind. [Xom's mischief]
  1033 | D:1      | XOM: summons 1 hostile shadow creature
  1094 | D:1      | Reached skill level 1 in Evocations
  1726 | D:2      | XOM: scenery: summon butterflies
  1729 | D:2      | Reached XP level 3. HP: 17/17 MP: 4/4
  2081 | D:2      | XOM is BORED!
  2081 | D:2      | XOM: stat loss: -1 Dex (16/17)
  2251 | D:2      | XOM: scenery: 1 doors close
  2274 | D:2      | XOM: divine lightning
  2340 | D:2      | Reached XP level 4. HP: 1/21 MP: 5/5
  3003 | D:3      | Reached XP level 5. HP: 24/24 MP: 6/6
  3481 | D:3      | XOM: summons 3 friendly demons
  3772 | D:3      | XOM: stat loss: -1 Str (13/14)
  3888 | D:3      | XOM: cast spell 'Metabolic Englaciation'
  3889 | D:3      | XOM: butterfly on damage
  4140 | D:3      | Reached skill level 5 in Unarmed Combat
  4228 | D:3      | XOM: give mutations
  4228 | D:3      | Gained mutation: You frequently scream uncontrollably at
                  | your foes. [Xom's mischief]
  4228 | D:3      | Lost mutation: You sometimes lose the ability to read
                  | scrolls when taking damage. [Xom's mischief]
  4329 | D:3      | XOM: 2-stop teleportation journey
  4335 | D:3      | XOM: god gift: wand of acid (3)
  4437 | D:3      | XOM: torment (13/24 hp)
  4641 | D:3      | XOM: god gift: glowing plate armour {god gift}
  4678 | D:3      | Gained mutation: You are covered in thick fur. (AC +2)
                  | [Felid growth]
  4678 | D:3      | Reached XP level 6. HP: 24/28 MP: 7/7
  5058 | D:4      | XOM: divination: detect creatures
  5088 | D:4      | XOM: 1-stop teleportation journey
  5322 | D:4      | XOM: swap monsters
  5326 | D:4      | Reached skill level 5 in Dodging
  5370 | D:4      | Found a sparkling altar of Nemelex Xobeh.
  5434 | D:4      | Noticed a water moccasin
  5503 | D:4      | Killed a water moccasin
  5531 | D:4      | Noticed a water moccasin
  5534 | D:4      | Killed a water moccasin
  5535 | D:4      | Reached XP level 7. HP: 31/31 MP: 8/8
  5570 | D:4      | XOM: divination: detect items
  5834 | D:5      | Entered Level 5 of the Dungeon
  5848 | D:5      | Reached skill level 5 in Stealth
  5862 | D:4      | XOM: chaos cloud
  5902 | D:5      | XOM: give mutation
  5902 | D:5      | Lost mutation: You possess an exceptional clarity of mind.
                  | [Xom's mischief]
  5978 | D:5      | XOM: give mutations
  5978 | D:5      | Lost mutation: You frequently scream uncontrollably at your
                  | foes. [Xom's mischief]
  5978 | D:5      | Gained mutation: You frequently scream uncontrollably at
                  | your foes. [Xom's mischief]
  5978 | D:5      | Gained mutation: You are dopey. (Int -2) [Xom's mischief]
  6051 | D:4      | Learned a level 1 spell: Apportation
  6199 | D:5      | Reached skill level 1 in Spellcasting
  6296 | D:5      | XOM: give mutations
  6296 | D:5      | Gained mutation: You are clumsy. (Dex -2) [Xom's mischief]
  6296 | D:5      | Gained mutation: You are partially covered in iridescent
                  | scales. (AC +2) [Xom's mischief]
  6381 | D:5      | XOM: summons 4 hostile shadow creatures
  6386 | D:5      | XOM: enchant monster (good)
  6393 | D:5      | XOM: confuse monster(s)
  6419 | D:4      | XOM is BORED!
  6419 | D:4      | XOM: draining
  6511 | D:5      | Found a transporter.
  6511 | D:5      | XOM: fog
  6515 | D:5      | XOM: give mutations
  6515 | D:5      | Gained mutation: You are resistant to electric shocks.
                  | (rElec) [Xom's grace]
  6515 | D:5      | Gained mutation: You are mostly covered in iridescent
                  | scales. (AC +4) [Xom's grace]
  6515 | D:5      | Gained mutation: You expend magic power (3 MP) to
                  | strengthen your wands. [Xom's grace]
  6515 | D:5      | Gained mutation: You are strong-willed. (Will+) [Xom's
                  | grace]
  6527 | D:5      | Reached skill level 1 in Translocations
  6527 | D:5      | Reached XP level 8. HP: 16/35 MP: 9/11
  6533 | D:5      | XOM: 1-stop teleportation journey
  6793 | D:5      | XOM: god gift: 21 gold pieces
  6866 | D:5      | Found an opulent altar of Gozag.
  6908 | D:5      | Found a staircase to the Ecumenical Temple.
  6924 | D:5      | Noticed epen's ghost (novice GnHu)
  6964 | D:5      | Found a transporter.
  6998 | D:5      | XOM: give mutation
  6998 | D:5      | Lost mutation: You are mostly covered in iridescent scales.
                  | (AC +4) [Xom's mischief]
  7030 | D:5      | XOM: cloud trail
  7086 | D:6      | Found Davux's Lightly-Used Armoury.
  7117 | D:6      | Found a glowing silver altar of Zin.
  7217 | D:6      | XOM: divination: magic mapping
  7257 | D:6      | XOM: 2-stop teleportation journey
  7259 | D:6      | XOM: summons friendly iron imp
  7458 | D:6      | XOM: 3-stop teleportation journey
  7671 | D:6      | XOM: give mutation
  7671 | D:6      | Gained mutation: You are mostly covered in iridescent
                  | scales. (AC +4) [Xom's grace]
  7772 | D:6      | XOM: god gift: book of Armaments
  7808 | D:6      | Reached XP level 9. HP: 16/39 MP: 14/14
  8145 | D:6      | XOM: god gift: jewelled helmet {god gift}
  8145 | D:6      | Identified the +2 helmet of Wojuf {rF+} (Xom gifted it to
                  | you on level 6 of the Dungeon)
  8404 | D:6      | XOM: god gift: 15 gold pieces
  8517 | D:6      | XOM: divination: magic mapping
  8568 | D:7      | XOM: god gift: 1065 gold pieces
  8701 | D:7      | XOM: draining
  8745 | D:7      | XOM: confuse monster(s)
  8759 | D:7      | XOM: divination: magic mapping
  8907 | D:7      | XOM: confuse monster(s)
  8910 | D:7      | XOM: give mutations
  8910 | D:7      | Gained mutation: You are somewhat resistant to further
                  | mutation. [Xom's grace]
  8910 | D:7      | Gained mutation: Your spells are a little harder to cast,
                  | but a little more powerful. [Xom's grace]
  8957 | D:7      | XOM: give mutations
  8957 | D:7      | Gained mutation: You have a pair of small antennae on your
                  | head. [Xom's grace]
  8957 | D:7      | Gained mutation: You are highly strong-willed. (Will++)
                  | [Xom's grace]
  8957 | D:7      | Lost mutation: You are clumsy. (Dex -2) [Xom's grace]
  8957 | D:7      | Gained mutation: You are agile. (Dex +2) [Xom's grace]
  9223 | D:8      | XOM: god gift: staff of fire
  9293 | D:7      | XOM: give mutations
  9293 | D:7      | Lost mutation: Your spells are a little harder to cast, but
                  | a little more powerful. [Xom's mischief]
  9293 | D:7      | Lost mutation: You are resistant to electric shocks.
                  | (rElec) [Xom's mischief]
  9293 | D:7      | Gained mutation: You are very dopey. (Int -4) [Xom's
                  | mischief]
  9293 | D:7      | Lost mutation: You are agile. (Dex +2) [Xom's mischief]
  9299 | D:7      | XOM: butterfly on damage
  9309 | D:7      | XOM: confuse monster(s)
  9603 | D:8      | XOM: confuse monster(s)
  9641 | D:8      | Reached skill level 10 in Unarmed Combat
  9922 | D:8      | XOM: summons 9 friendly demons
  9933 | D:8      | Reached XP level 10. HP: 42/42 MP: 16/16
 10087 | D:6      | XOM: give mutations
 10087 | D:6      | Lost mutation: You are mostly covered in iridescent scales.
                  | (AC +4) [Xom's mischief]
 10087 | D:6      | Gained mutation: Your magical capacity is low. (-10% MP)
                  | [Xom's mischief]
 10153 | D:7      | XOM: enchant monster (bad)
 10275 | D:7      | XOM: butterfly on damage
 10490 | D:8      | XOM: give mutation
 10490 | D:8      | Gained mutation: You are somewhat resistant to both further
                  | mutation and mutation removal. [Xom's grace]
 10647 | D:8      | Found an iron altar of Okawaru.
 10661 | D:8      | XOM: silly message
 11056 | D:9      | XOM: give mutations
 11056 | D:9      | Lost mutation: You are partially covered in iridescent
                  | scales. (AC +2) [Xom's mischief]
 11056 | D:9      | Lost mutation: You are very dopey. (Int -4) [Xom's
                  | mischief]
 11056 | D:9      | Lost mutation: Your magical capacity is low. (-10% MP)
                  | [Xom's mischief]
 11071 | D:9      | Noticed Maurice
 11081 | D:9      | XOM: 3-stop teleportation journey
 11140 | D:9      | XOM: torment (14/42 hp)
 11289 | D:9      | XOM: silly message
 11306 | D:9      | XOM: 1-stop teleportation journey
 11337 | D:9      | XOM: summons 5 hostile demons
 11392 | D:9      | XOM: summons 4 friendly demons
 11402 | D:9      | Killed Maurice
 11417 | D:9      | Found a flagged portal.
 11428 | Bailey   | Entered a bailey
 11500 | Bailey   | XOM: 2-stop teleportation journey
 11508 | Bailey   | XOM: butterfly on damage
 11512 | Bailey   | XOM: confuse monster(s)
 11514 | Bailey   | XOM: silly message
 12389 | D:9      | XOM: stat loss: -1 Int (11/12)
 12402 | D:9      | XOM: 3-stop teleportation journey
 12630 | D:9      | XOM: scenery: 1 doors open
 12632 | D:9      | Noticed a two-headed ogre
 12633 | D:9      | XOM: scenery: 1 doors close
 12640 | D:9      | XOM: fog
 12648 | D:9      | Killed a two-headed ogre
 12765 | D:9      | XOM: scenery: create altars
 12792 | D:9      | XOM: give mutations
 12792 | D:9      | Gained mutation: A frigid envelope surrounds you and
                  | freezes all who hurt you. [Xom's grace]
 12792 | D:9      | Gained mutation: You are agile. (Dex +2) [Xom's grace]
 12792 | D:9      | Gained mutation: Your system is resistant to poisons.
                  | (rPois) [Xom's grace]
 12792 | D:9      | Gained mutation: Your muscles are strong. (Str +2) [Xom's
                  | grace]
 12800 | D:10     | Entered Level 10 of the Dungeon
 12811 | D:10     | Reached skill level 5 in Evocations
 12813 | D:10     | XOM: cleaving
 13007 | D:10     | XOM: enchant monster (good)
 13011 | D:10     | XOM: cast spell 'Discord'
 13017 | D:10     | Reached skill level 10 in Dodging
 13017 | D:10     | Reached XP level 11. HP: 41/46 MP: 17/17
 13064 | D:10     | Found a basalt altar of Yredelemnul.
 13080 | D:10     | Reached skill level 10 in Stealth
 13223 | D:10     | XOM: 5-stop teleportation journey
 13421 | D:10     | Found Pobyps's Serpentskin Sales.
 13499 | D:10     | Found a staircase to the Lair.
 13549 | D:11     | Noticed Erica
 13557 | D:11     | Killed Erica
 13820 | D:11     | Noticed a two-headed ogre
 13836 | D:11     | XOM: confuse monster(s)
 13839 | D:11     | Killed a two-headed ogre
 13848 | D:11     | Noticed Grum
 13858 | D:11     | Killed Grum
 13900 | D:11     | Noticed a four-headed hydra
 13914 | D:11     | Killed a four-headed hydra
 13923 | D:10     | Slain by a shadow
 13924 | D:10     | Reached XP level 10. HP: 0/43 MP: 16/16
 13995 | D:11     | Noticed a cyclops
 14010 | D:11     | Noticed a gargoyle
 14015 | D:11     | Killed a cyclops
 14024 | D:11     | Noticed a seven-headed hydra
 14041 | D:10     | Killed a gargoyle
 14421 | D:11     | XOM: enchant monster (good)
 14422 | D:11     | Killed a seven-headed hydra
 14526 | D:11     | XOM: summons 3 hostile shadow creatures
 14527 | D:11     | Noticed a manticore
 14564 | D:10     | Reached XP level 11. HP: 26/46 MP: 17/17
 14574 | D:10     | XOM: give mutations
 14574 | D:10     | Gained mutation: Your body sometimes deteriorates upon
                  | taking damage. [Xom's mischief]
 14574 | D:10     | Lost mutation: Your system is resistant to poisons. (rPois)
                  | [Xom's mischief]
 14574 | D:10     | Lost mutation: You are dopey. (Int -2) [Xom's mischief]
 14574 | D:10     | Lost mutation: You are agile. (Dex +2) [Xom's mischief]
 14587 | D:10     | XOM: god gift: shortbow {god gift}
 15121 | D:11     | XOM: divination: magic mapping
 15122 | D:11     | XOM: cast spell 'Summon Dragon'
 15207 | D:11     | XOM: give mutations
 15207 | D:11     | Lost mutation: You are somewhat resistant to both further
                  | mutation and mutation removal. [Xom's mischief]
 15207 | D:11     | Gained mutation: Your body often deteriorates upon taking
                  | damage. [Xom's mischief]
 15406 | Lair:1   | Entered Level 1 of the Lair of Beasts
 16078 | Lair:1   | Found a runed translucent door.
 16081 | Lair:1   | Noticed Roaleyf's ghost (journeyman DsDe)
 16226 | Lair:1   | XOM: give mutations
 16226 | Lair:1   | Gained mutation: You passively map a small area around you.
                  | [Xom's grace]
 16226 | Lair:1   | Gained mutation: Your mind is acute. (Int +2) [Xom's grace]
 16294 | Lair:1   | XOM: destruction
 16379 | Lair:1   | XOM: divination: detect creatures
 16431 | Lair:2   | XOM: scenery: create altars
 16440 | Lair:2   | Noticed a harpy
 16440 | Lair:2   | a cane toad changed into a harpy
 16443 | Lair:2   | XOM: summons friendly ufetubus
 16465 | Lair:2   | Killed a harpy
 16603 | Lair:2   | XOM: scenery: 1 doors open
 16606 | Lair:2   | XOM: smoke on damage
 16608 | Lair:2   | Mangled by a komodo dragon
 16609 | Lair:2   | Reached XP level 10. HP: -7/43 MP: 16/16
 16735 | Lair:2   | XOM: fog
 16744 | Lair:2   | Killed a cane toad
 16863 | Lair:2   | XOM: stat loss: -1 Str (14/16)
 17119 | Lair:2   | Noticed a cane toad
 17144 | Lair:2   | a cane toad changed into a rime drake
 17144 | Lair:2   | XOM: polymorph cane toad -> rime drake
 17220 | Lair:2   | XOM: blink monster(s)
 17266 | Lair:2   | XOM: give mutations
 17266 | Lair:2   | Gained mutation: Your thick and shaggy fur keeps you warm.
                  | (AC +3, rC+) [Xom's grace]
 17266 | Lair:2   | Gained mutation: Your mind is very acute. (Int +4) [Xom's
                  | grace]
 17266 | Lair:2   | Gained mutation: Your natural rate of healing is unusually
                  | fast. [Xom's grace]
 17266 | Lair:2   | Gained mutation: Your system is resistant to poisons.
                  | (rPois) [Xom's grace]
 17525 | Lair:2   | XOM: summons 1 hostile demon
 17761 | Lair:3   | XOM: confuse monster(s)
 17766 | Lair:3   | Reached XP level 11. HP: 46/46 MP: 17/17
 17769 | Lair:3   | XOM: polymorph yak -> rime drake
 17820 | Lair:3   | Found a transporter.
 17822 | Lair:3   | Found a transporter.
 17823 | Lair:3   | Noticed manifold's ghost (journeyman GrEE)
 17851 | Lair:3   | Found a staircase to the Snake Pit.
 17855 | Lair:3   | XOM: summons 11 friendly demons
 17862 | Lair:3   | XOM: potion effect (haste)
 17864 | Lair:3   | XOM: swap monsters
 17874 | Lair:3   | XOM: snakes to sticks
 18033 | Lair:3   | XOM: divination: detect items
 18701 | Lair:4   | XOM: confusion (+ monsters)
 18703 | Lair:4   | XOM: enchant monster (bad)
 18729 | Lair:4   | XOM: summons 3 friendly demons
 18814 | Lair:4   | XOM: enchant monster (good)
 18823 | Lair:4   | Reached skill level 15 in Unarmed Combat
 18825 | Lair:4   | XOM: snakes to sticks
 18865 | Lair:4   | Found a staircase to the Swamp.
 18873 | Lair:4   | XOM: butterfly on damage
 18926 | Lair:4   | XOM: cast spell 'Summon Mana Viper'
 18947 | Lair:4   | XOM: enchant monster (good)
 19327 | Lair:4   | XOM: give mutations
 19327 | Lair:4   | Gained mutation: You are extremely strong-willed. (Will+++)
                  | [Xom's grace]
 19327 | Lair:4   | Gained mutation: You are robust. (+10% HP) [Xom's grace]
 19327 | Lair:4   | Gained mutation: Your muscles are very strong. (Str +4)
                  | [Xom's grace]
 19557 | Lair:5   | Noticed a catoblepas
 19563 | Lair:5   | Noticed a death yak
 19565 | Lair:5   | Killed a catoblepas
 19566 | Lair:5   | XOM: scenery: create altars
 19567 | Lair:5   | XOM: summons friendly iron imp
 19578 | Lair:5   | Killed a death yak
 19579 | Lair:5   | Mutation became permanent: You are covered in thick fur.
                  | (AC +2) [Felid growth]
 19579 | Lair:5   | Gained mutation: Your thick and shaggy fur keeps you warm.
                  | (AC +3, rC+) [Felid growth]
 19579 | Lair:5   | Reached XP level 12. HP: 53/56 MP: 15/18
 19686 | Lair:5   | Reached skill level 15 in Stealth
 19694 | Lair:5   | XOM: enchant monster (good)
 19701 | Lair:5   | Noticed a seven-headed hydra
 19708 | Lair:5   | XOM: divine lightning
 19711 | Lair:5   | Killed a seven-headed hydra
 19765 | Lair:5   | XOM: give mutations
 19765 | Lair:5   | Gained mutation: Your spells are a little harder to cast,
                  | but a little more powerful. [Xom's grace]
 19765 | Lair:5   | Gained mutation: You are very robust. (+20% HP) [Xom's
                  | grace]
 19765 | Lair:5   | Gained mutation: Your spells are harder to cast, but more
                  | powerful. [Xom's grace]
 19834 | Lair:5   | Learned a level 2 spell: Wereblood
 19842 | Lair:5   | Found a staircase to the Slime Pits.
 19853 | Lair:5   | XOM: cast spell 'Summon Ice Beast'
 20055 | Lair:6   | Entered Level 6 of the Lair of Beasts
 20163 | Lair:5   | XOM: confuse monster(s)
 20198 | Lair:6   | XOM: polymorph wind drake -> sky beast
 20220 | Lair:6   | XOM: silly message
 20227 | Lair:6   | Noticed an eight-headed hydra
 20229 | Lair:6   | XOM: polymorph blink frog -> hog
 20240 | Lair:6   | XOM: silly message
 20242 | Lair:6   | XOM: cast spell 'Summon Dragon'
 20245 | Lair:6   | XOM: divination: detect creatures
 20248 | Lair:6   | Killed an eight-headed hydra
 20249 | Lair:6   | Reached skill level 1 in Transmutations
 20280 | Lair:6   | XOM: noise
 20317 | Lair:6   | XOM: 2-stop teleportation journey
 20463 | Lair:6   | Noticed a merfolk avatar
 20472 | Lair:6   | Killed a merfolk avatar
 20475 | Lair:6   | Reached skill level 5 in Fighting
 20669 | Lair:6   | XOM: polymorph elephant -> shock serpent
 20671 | Lair:6   | XOM: smoke on damage
 20672 | Lair:6   | XOM: noise
 20682 | Lair:6   | Noticed a dire elephant
 20822 | Lair:6   | XOM: stat loss: -1 Int (17/18)
 20869 | Lair:6   | XOM: confuse monster(s)
 20921 | Lair:6   | XOM: summons friendly quasit
 20924 | Lair:6   | XOM: summons 3 friendly demons
 20986 | Lair:6   | Killed a dire elephant
 20987 | Lair:6   | Reached XP level 13. HP: 64/64 MP: 15/19
 21424 | D:10     | XOM: divination: detect creatures
 21482 | D:9      | XOM: polymorph killer bee -> river rat
 21526 | D:11     | XOM: scenery: 1 doors close
 21564 | D:12     | XOM: summons friendly quasit
 21583 | D:12     | Identified 2 scrolls of acquirement
 21583 | D:12     | Acquired a manual of Unarmed Combat
 21585 | D:12     | Acquired a manual of Conjurations
 21619 | D:12     | XOM: scenery: create altars
 21636 | D:12     | XOM: divination: detect items
 21685 | D:12     | Found a staircase to the Orcish Mines.
 21706 | Orc:1    | Entered Level 1 of the Orcish Mines
 21839 | Orc:1    | XOM: silly message
 21931 | Orc:2    | Entered Level 2 of the Orcish Mines
 21938 | Orc:2    | Noticed an orc warlord
 21940 | Orc:2    | Noticed Donald
 21940 | Orc:2    | XOM: swap monsters
 22048 | Orc:1    | XOM: butterfly on damage
 22084 | Orc:1    | Lost mutation: You are somewhat resistant to further
                  | mutation. [potion of mutation]
 22084 | Orc:1    | Lost mutation: A frigid envelope surrounds you and freezes
                  | all who hurt you. [potion of mutation]
 22084 | Orc:1    | Lost mutation: Your mind is very acute. (Int +4) [potion of
                  | mutation]
 22084 | Orc:1    | Gained mutation: You are extremely robust. (+30% HP)
                  | [potion of mutation]
 22085 | Orc:1    | Lost mutation: Your body often deteriorates upon taking
                  | damage. [potion of mutation]
 22085 | Orc:1    | Lost mutation: Your spells are harder to cast, but more
                  | powerful. [potion of mutation]
 22085 | Orc:1    | Lost mutation: You expend magic power (3 MP) to strengthen
                  | your wands. [potion of mutation]
 22085 | Orc:1    | Gained mutation: You have hidden genetic potential. [potion
                  | of mutation]
 22120 | Orc:1    | XOM: potion effect (might)
 22319 | D:12     | Found a shimmering altar of Xom.
 22319 | D:12     | Found a shimmering altar of Xom.
 22324 | D:12     | Found a shimmering altar of Xom.
 22324 | D:12     | Found a shimmering altar of Xom.
 22324 | D:12     | Found a shimmering altar of Xom.
 22325 | D:12     | Found a shimmering altar of Xom.
 22325 | D:12     | Found a shimmering altar of Xom.
 22325 | D:12     | Found a shimmering altar of Xom.
 22325 | D:12     | Found a shimmering altar of Xom.
 22400 | D:12     | XOM: enchant monster (bad)
 22401 | D:12     | XOM: confuse monster(s)
 22406 | D:12     | XOM: potion effect (haste)
 22419 | D:12     | XOM: cast spell 'Summon Ice Beast'
 22438 | D:12     | Noticed Nessos
 22449 | D:12     | XOM: enchant monster (good)
 22456 | D:12     | XOM: 9-stop teleportation journey
 22457 | D:12     | You fall into a shaft and drop 3 floors!
 22457 | D:15     | Entered Level 15 of the Dungeon
 22579 | D:14     | Mangled by a tengu warrior
 22580 | D:14     | Reached XP level 12. HP: -11/66 MP: 18/18
 22589 | D:14     | Found a sacrificial altar of Ru.
 22590 | D:14     | Noticed a centaur warrior
 22596 | D:14     | Killed a centaur warrior
 22597 | D:14     | XOM: enchant monster (good)
 22630 | D:14     | Noticed a death knight
 22705 | D:13     | Found a runed translucent gate.
 22705 | D:13     | Found a runed translucent gate.
 22705 | D:13     | Found a runed translucent gate.
 22706 | D:13     | Noticed anonymous's ghost (journeyman NaGl)
 22792 | D:13     | Noticed a centaur warrior
 22799 | D:13     | Killed a centaur warrior
 22800 | D:13     | Noticed a death knight
 22803 | D:13     | XOM: cast spell 'Chain of Chaos'
 22806 | D:13     | Noticed a two-headed ogre
 22806 | D:13     | XOM: 2-stop teleportation journey
 22817 | D:13     | Killed a two-headed ogre
 22831 | D:13     | Found a gate to the Vaults.
 22982 | D:13     | Found a frozen archway.
 22996 | D:13     | XOM: noise
 23010 | D:13     | Reached skill level 5 in Transmutations
 23024 | IceCv    | Entered an ice cave
 23027 | IceCv    | XOM: give mutations
 23027 | IceCv    | Lost mutation: You frequently scream uncontrollably at your
                  | foes. [Xom's mischief]
 23027 | IceCv    | Lost mutation: Your mind is acute. (Int +2) [Xom's
                  | mischief]
 23027 | IceCv    | Lost mutation: You passively map a small area around you.
                  | [Xom's mischief]
 23027 | IceCv    | Lost mutation: Your system is resistant to poisons. (rPois)
                  | [Xom's mischief]
 23075 | IceCv    | Identified the +0 pair of gloves of Dueblun {Regen+ Str-3
                  | Stlth+}
 23112 | IceCv    | XOM: summons friendly shadow imp
 23118 | IceCv    | Identified the amulet "Gulyugur" {RegenMP Str-2 Int+2 SInv}
 23167 | IceCv    | XOM: smoke on damage
 23342 | IceCv    | XOM: confusion (+ monsters)
 23362 | IceCv    | XOM: confuse monster(s)
 23382 | IceCv    | XOM: enchant monster (good)
 23440 | IceCv    | Noticed a reaper
 23447 | IceCv    | XOM: enchant monster (bad)
 23465 | IceCv    | XOM: silly message
 23490 | IceCv    | Reached XP level 13. HP: 64/70 MP: 19/19
 23491 | IceCv    | XOM: butterfly on damage
 23720 | IceCv    | Killed a reaper
 23845 | IceCv    | XOM: fog
 24042 | Orc:1    | Killed Donald
 24070 | Orc:2    | HP: 3/70 [orc priest/divine providence[an orc warlord] (8)]
 24072 | Orc:2    | Shot with a bolt by an orc warlord
 24073 | Orc:2    | Reached XP level 12. HP: -2/66 MP: 18/18
 24110 | Orc:2    | Noticed an emperor scorpion
 24110 | Orc:2    | an orc warlord changed into an emperor scorpion
 24110 | Orc:2    | XOM: polymorph orc warlord -> emperor scorpion
 24132 | Orc:2    | Killed an emperor scorpion
 24487 | Orc:2    | Killed from afar by an oklob plant

Illustrated notes

Levels and vault maps discovered:
D:1:      erik_arrival_blinker_ship, layout_rooms,
          hellmonk_ecumenical_altar_lost_god
D:2:      layout_basic
D:3:      cheibrodos_pilgrimage, layout_basic, skrybe_limestone_x
D:4:      layout_loops_ring, lemuel_crystal_altar, kennysheep_generic_room_10
D:5:      layout_basic, grunt_gozag_breadcrumbs,
          minmay_temple_entry_glassed_door, gammafunk_ghost_stat_death,
          serial_bayou_pond_d
D:6:      layout_loops_ring, mainiacjoe_overflow_paths, minmay_shop_damaged
D:7:      layout_cave_pools
D:8:      layout_basic, lemuel_round_altar, bh_walls_and_bars
D:9:      layout_roguey, enter_bailey_5, uniq_maurice
D:10:     layout_basic, lemuel_mausoleum_altar_yredelemnul, lair_entry_dummy,
          guppyfry_shop_venom
D:11:     layout_irregular_city, grunt_potential, uniq_erica, uniq_grum
D:12:     layout_long_grid, david_orc_3, ebering_ghost_disaster_area,
          xom_shifter_show, uniq_nessos
D:13:     layout_irregular_city, david_vaults_1, portal_ice_cave_demonic_guard,
          gammafunk_ghost_spectres
D:14:     layout_rooms, nicolae_ru_sacrificial_ziggurat,
          gammafunk_ghost_mausoleum, uniq_snorg
D:15:     gammafunk_depths_entry_grave, layout_loops_ring,
          minmay_misc_feat_alley, serial_rivers, chequers_serial_rivers_micro_b,
          chequers_serial_rivers_micro_c, chequers_serial_rivers_micro_d,
          chequers_serial_rivers_micro_e, chequers_serial_rivers_room_a
Lair:1:   layout_loops_ring, ebering_ghost_reflecting_pool, minivault_11
Lair:2:   layout_gridlike, st_stairs_4, grunt_megastairs_2
Lair:3:   layout_cave_shapes, minmay_snake_entry_six_corridors,
          gammafunk_ghost_hive
Lair:4:   layout_concentric_octagons, minmay_swamp_entry_swarm,
          beast_lair_carwin_6, lemuel_fruit_fields
Lair:5:   layout_concentric_octagons, slime_dummy
Lair:6:   gammafunk_lair_ancient_temple, layout_long_grid,
          infiniplex_staircase_pool_2
Orc:1:    layout_caves
Orc:2:    st_orc_pillars, layout_diamond_mine, mines3_lemuel, uniq_donald

Skill      XL: |  1  2  3  4  5  6  7  8  9 10 11 12 13 |
---------------+----------------------------------------+-----
Stealth        | 1 2 4 6 7 8 9 14 17 | 17.4
Evocations     | 1 2 3 5 7 9 |  9.6
Unarmed Combat | 4 5 6 7 8 10 11 15 17 16 | 17.6
Dodging        | 4 5 6 7 11 12 | 12.6
Spellcasting   | 1 3 |  3.5
Translocations | 1 3 4 |  4.0
Fighting       | 4 5 |  5.1
Transmutations | 5 4 |  5.1

Action                   |  1- 3 |  4- 6 |  7- 9 | 10-12 | 13-15 || total
-------------------------+-------+-------+-------+-------+-------++-------
Melee: Unarmed           |   110 |   130 |   344 |   883 |   217 ||  1684
       Bite              |     8 |    14 |    43 |   116 |    34 ||   215
       Punch             |     2 |     4 |    17 |    97 |    31 ||   151
 Cast: Wereblood         |       |       |       |    10 |     1 ||    11
Evoke: Piece from Xom's  |       |    12 |     6 |    32 |    13 ||    63
       Wand              |       |       |     3 |    23 |    10 ||    36
  Use: Scroll            |     2 |     1 |       |    21 |    11 ||    35
       Potion            |       |       |       |     8 |     2 ||    10
 Stab: Sleeping          |     1 |     5 |     4 |    32 |     2 ||    44
       Paralysed         |       |     1 |       |     3 |       ||     4
       Distracted        |       |     1 |     1 |     7 |     3 ||    12
       Confused          |       |     2 |     6 |     8 |     3 ||    19
       Petrifying        |       |     2 |       |       |       ||     2
       Petrified         |       |       |     1 |       |       ||     1
Armor: Skin              |     5 |    14 |    55 |    62 |    12 ||   148
Dodge: Dodged            |    79 |    72 |   262 |   648 |   167 ||  1228
Block: Other             |       |       |    19 |   163 |    32 ||   214
       Reflection        |       |       |     4 |     4 |     4 ||    12

Table legend: (Time is in decaauts)
 A = Elapsed time spent in this place.
 B = Non-inter-level travel time spent in this place.
 C = Inter-level travel time spent in this place.
 D = Time resting spent in this place.
 E = Time spent auto-exploring this place.
 F = Levels seen in this place.
 G = Mean time per level.
                   A        B        C        D        E       F      G
               +--------+--------+--------+--------+--------+-----+--------+
         Total |  21369 |  20382 |    987 |   6889 |   8077 |  25 |  854.8 |
       Dungeon |  14209 |  13526 |    683 |   5479 |   4626 |  15 |  947.3 |
          Lair |   4862 |   4603 |    259 |    655 |   2812 |   6 |  810.3 |
  Orcish Mines |    745 |    701 |     44 |    163 |    290 |   2 |  372.5 |
        Bailey |    761 |    761 |      0 |    454 |    113 |   1 |  761.0 |
      Ice Cave |    792 |    792 |      0 |    136 |    234 |   1 |  792.0 |
               +--------+--------+--------+--------+--------+-----+--------+

Top non-repeatable levels by time:
     D:3: 1746 daAuts
    D:10: 1528 daAuts
     D:6: 1520 daAuts
     D:1: 1387 daAuts
     D:2: 1325 daAuts
  Lair:2: 1108 daAuts
     D:5: 1063 daAuts
     D:7: 1032 daAuts
    D:11: 978 daAuts
     D:4: 966 daAuts
     D:9: 947 daAuts
  Lair:6: 927 daAuts
     D:8: 831 daAuts
   IceCv: 792 daAuts
  Lair:4: 779 daAuts
